 Dungeon Crawl Stone Soup version 0.25.0-1-g7eea58d2a3 (webtiles) character file.

Game seed: 196543965183343129

33 Descartes the Skirmisher (level 3, 0/29 HPs)
             Began as a Formicid Abyssal Knight on June 14, 2020.
             Was a Believer of Lugonu.
             Succumbed to a goblin's poison
             ... on level 3 of the Dungeon.
             The game lasted 00:04:08 (1578 turns).

Descartes the Skirmisher (Formicid Abyssal Knight)  Turns: 1578, Time: 00:04:09

Health: 0/29       AC:  6    Str: 17    XL:     3   Next: 47%
Magic:  5/5        EV:  9    Int: 11    God:    Lugonu [**....]
Gold:   158        SH:  0    Dex: 10    Spells: 2/2 levels left

rFire    . . .     SeeInvis +   d - +1 halberd (pain)
rCold    + . .     Gourm    .   (no shield)
rNeg     . . .     Faith    .   j - +0 scale mail
rPois    .         Spirit   .   (helmet unavailable)
rElec    .         Reflect  .   (no cloak)
rCorr    .         Harm     .   (no gloves)
MR       .....                  (no boots)
Stlth    ..........             (no amulet)
HPRegen  0.09/turn              f - ring of flight
MPRegen  0.09/turn              (no ring)

@: lethally poisoned (0 -> -13)
A: permanent stasis, dig shafts and tunnels, four strong arms, antennae 3, cold
resistance 1, MP-powered wands
a: Dig, Shaft Self, Depart the Abyss, Bend Space, Renounce Religion, Evoke
Flight


You were on level 3 of the Dungeon.
You worshipped Lugonu.
Lugonu was pleased with you.
You were not hungry.

You visited 1 branch of the dungeon, and saw 3 of its levels.
You visited the Abyss 1 time.

You collected 158 gold pieces.

Inventory:

Hand Weapons
 a - a +1 hand axe
 d - a +1 halberd of pain (weapon)
Missiles
 e - an atropa-tipped dart (quivered)
 g - 66 stones
 l - 11 arrows
 n - 12 poisoned darts
Armour
 b - a +0 leather armour
 j - a +0 scale mail (worn)
Jewellery
 f - a ring of flight (left hand)
Scrolls
 h - 4 scrolls of identify {unknown}
 k - 2 scrolls of remove curse {unknown}
 r - a scroll of enchant armour {unknown}
 s - a scroll of teleportation {unknown}
 t - a scroll of immolation {unknown}
 u - a scroll of blinking {unknown}
Potions
 i - a potion of flight {unknown}
 m - a potion of mutation
 o - 2 potions of curing {unknown}
 p - a potion of stabbing {unknown}
Comestibles
 c - 6 rations
 q - 8 chunks of flesh


   Skills:
 + Level 3.6 Fighting
 - Level 2.0(2.2) Axes
 * Level 1.5(2.1) Polearms
 + Level 2.6 Armour
 - Level 0.8 Dodging
 + Level 2.8 Invocations


You had 2 spell levels left.
You didn't know any spells.
Your spell library was empty.

Dungeon Overview and Level Annotations

Branches:
Dungeon (3/15)

Altars:
Qazlal


Innate Abilities, Weirdness & Mutations

You cannot be hasted, slowed, berserked, paralysed or teleported.
You can dig through walls and to a lower floor.
Your four strong arms can wield two-handed weapons with a shield.
You have a pair of large antennae on your head. (SInv)
Your flesh is cold resistant. (rC+)
You expend magic power (3 MP) to strengthen your wands.


Message History

You feel sick. The goblin closely misses you.
The goblin hits you but does no damage.
You are more poisoned.
* * * LOW HITPOINT WARNING * * *
You feel sick.
* * * LOW HITPOINT WARNING * * *
You feel sick.
* * * LOW HITPOINT WARNING * * *
You feel sick.
You extend your mandibles.
You dig through the rock wall.
* * * LOW HITPOINT WARNING * * *
You feel sick.
You retract your mandibles.
* * * LOW HITPOINT WARNING * * *
You feel sick.
It was a potion of mutation.
You feel extremely strange.
You feel your magical essence link to the dungeon's wands.
You feel resistant to cold.
You die...

....... .g.....## #.#
........# #.#
..gg....# #.#
.g......# #.#
...g{g.<# #.#
....g...# #.#
........#.####.#
......{.#.....@##
......gg#######g#####
#######.gg{{g{..?...+
###############


You could see a goblin.

Vanquished Creatures
  A dart slug (D:1)
  A leopard gecko (D:1)
  3 bats (D:1)
  3 giant cockroaches
  A goblin (D:2)
  5 hobgoblins
  3 jackals (D:2)
  A ball python (D:2)
  4 frilled lizards
  2 kobolds
  5 rats
29 creatures vanquished.

Notes
Turn   | Place    | Note
-------+----------+-------------------------------------------
     0 | Abyss:1  | Descartes the Formicid Abyssal Knight began the quest for
                  | the Orb.
     0 | Abyss:1  | Reached XP level 1. HP: 18/18 MP: 2/2
   119 | Abyss:2  | Noticed a blizzard demon
   156 | D:1      | Escaped the Abyss
   443 | D:1      | Reached XP level 2. HP: 24/24 MP: 3/3
   577 | D:1      | Reached skill level 1 in Polearms
  1054 | D:2      | Reached XP level 3. HP: 23/29 MP: 4/4
  1333 | D:2      | Found a stormy altar of Qazlal.
  1441 | D:2      | Reached ** piety under Lugonu
  1576 | D:3      | HP: 1/29 [poisoned by a goblin]
  1578 | D:3      | Gained mutation: You expend magic power (3 MP) to
                  | strengthen your wands. [potion of mutation]
  1578 | D:3      | Gained mutation: Your flesh is cold resistant. (rC+)
                  | [potion of mutation]
  1578 | D:3      | Succumbed to a goblin's poison

Illustrated notes

Levels and vault maps discovered:
D:1:      dpeg_arrival_pond, layout_basic, st_stairs_13
D:2:      layout_loops_ring, nicolae_qazlal_eye_of_the_storm
D:3:      layout_basic, grunt_ministairs_6, uniq_ijyb, uniq_natasha,
          uniq_crazy_yiuf_cottage, uniq_robin

Skill      XL: |  1  2 |
---------------+-------+-----
Polearms       | 1 |  1.5
Fighting       | |  3.6
Axes           | |  2.0
Armour         | |  2.6
Dodging        | |  0.8
Invocations    | |  2.8

Action                   || total
-------------------------++-------
Melee: Halberd           ||   105
Throw: Dart              ||     6
 Abil: Dig               ||     2
  Use: Potion            ||     1
 Stab: Invisible         ||     2
  Eat: Chunk             ||     2
Armor: Scale mail        ||    64
Dodge: Dodged            ||    48
